woodfighter, chaotic female elven Rogue ------ ------------- #...{>.# |............### ----- ###|....|# |....(......| # +....# # |....|# |....\...... #####|...|# ### |*...|# |.......... #######....|### ---------------- # ------# ----+------ # #`###|.*.| # |..............| ### # ################# # #....| ##-..............| # # # # ### |...| |..............| -------# # # # -.--- |..............| |.....|# #########B@######## ---------------- |.---..# ##--.---------- # |.| |.| ##|...........-- ## |.| |.+`##############|............| # |.---.| ##........^....| # --+---- |..*...###############|%...........| ### |.....| ------- --...........| # |....<| ------------- ##-..)..| ------- woodfighter the Cutpurse Experience level: 4 Strength: 14 Dexterity: 15 Constitution: 16 Intelligence: 13 Wisdom: 11 Charisma: 8 Health: 0(28) Energy: 17(17) Def: 3 Gold: 167 Moves: 2011 Dungeon seed: Z51OfPZ6H6m4Avl3 Game ID: woodfighter_1511297572 Your Inventory: Coins $ - 167 gold pieces Amulets v - an uncursed amulet versus poison D - an uncursed amulet versus poison Weapons a - a +0 elven short sword (weapon in hand) b - 4 +0 elven daggers (in quiver) Armor e - an uncursed +1 leather armor (being worn) n - an uncursed +0 orcish helm r - a blessed +0 orcish helm Comestibles k - an uncursed tripe ration t - 3 uncursed sprigs of wolfsbane w - an uncursed lichen corpse z - an uncursed clove of garlic L - an uncursed tin of lichen O - an uncursed food ration Scrolls C - a cursed scroll of blank paper E - an uncursed scroll of enchant weapon G - an uncursed scroll of confuse monster M - an uncursed scroll of scare monster Wands h - a wand of opening (0:3) q - a wand of undead turning (0:8) F - a wand of sleep (0:7) Tools g - an uncursed blindfold s - an uncursed sack y - an uncursed lock pick Contents of the sack: 170 gold pieces a [uncursed] scroll of identify a [uncursed] scroll of scare monster a [uncursed] scroll of teleportation a [uncursed] spellbook of extra healing a [blessed] potion of booze a [uncursed] potion of confusion a [uncursed] potion of extra healing an uncursed potion of sickness a [uncursed] potion of water Spells and supernatural/magical abilities: Name Level Category Fail Memory W - pray for help -- divine ? -- Your skills at the end: Miscellaneous Skills wands [Basic] Weapon Skills dagger [Basic] short sword [Basic] Spellcasting Skills Final Attributes: You were piously aligned. You were sleep resistant. You were telepathic. You had infravision. You were very stealthy. You are dead. Vanquished creatures: a gnome lord a floating eye an iguana a giant bat a coyote an acid blob 2 geckos 3 hobgoblins a giant rat 4 jackals a fox a kobold 5 newts 2 goblins a grid bug 5 bats 5 lichens a kobold zombie 37 creatures vanquished. Voluntary challenges: You did not adorn yourself with jewelry or accessories. You did not cause conflict. You were not invisible. You did not have reflection. You were not displaced. You were an atheist. You used a wielded weapon 46 times, starting on turn 197. You did not apply a unicorn horn. You did not use plumbed fixtures. You did not drink any magical draughts. You were illiterate. You never genocided any monsters. You never polymorphed an object. You never changed form. You used no wishes. You never split a pudding. You never wrote Elbereth's name. You never violated your personal moral code. Dungeon overview: The Dungeons of Doom: levels 1 to 6 Level 1 a long staircase Level 2 a jewelry store stairs to The Gnomish Mines Level 3 Level 4 Level 5 <- You were here a fountain, a throne Level 6 The Gnomish Mines: Level 3 stairs to The Dungeons of Doom History has recorded: On T:1 you entered the Dungeons of Doom to retrieve the Amulet of Yendor! On T:110 you reached level 2 of The Dungeons of Doom. On T:654 you reached level 3 of The Dungeons of Doom. On T:721 you reached level 1 of The Gnomish Mines. On T:1079 you reached level 4 of The Dungeons of Doom. On T:1104 you advanced to experience level 2. On T:1332 you advanced to experience level 3. On T:1589 you reached level 5 of The Dungeons of Doom. On T:1730 you advanced to experience level 4. On T:1785 you reached level 6 of The Dungeons of Doom. Score breakdown: Gold: 337 ( 33 points) Experience: 4 levels ( 300 points) Exploration: 6 levels ( 150 points) Discoveries: 16 items ( 800 points) Variety of kills: 18 monsters ( 900 points) Major goal: (nothing yet) ( 0 points) Survival: died (score multiplied by 3) Total score: 6549 Latest messages: You kill the coyote! Where do you want to travel to? You stop travelling. You kill the newt! You see here a newt corpse. This newt corpse tastes terrible! You finish eating the newt corpse. You feel a mild buzz. Where do you want to travel to? You stop travelling. The elven dagger misses the giant bat. The elven dagger hits the giant bat. The elven dagger misses the giant bat. The elven dagger hits the giant bat. The elven dagger hits the giant bat. The giant bat bites! (2x) You stab the giant bat. The giant bat bites! You die... Final status: Goodbye woodfighter the Rogue, killed by a giant bat... You died in The Dungeons of Doom on dungeon level 5 with 6549 points, and 337 pieces of gold, after 2011 moves. You were level 4 with a maximum of 28 hit points when you died.